 Dungeon Crawl Stone Soup version 0.28-a0-1412-gf95308ed99 (webtiles) character file.

Game seed: 5844553227031798030

88 grumblor the Shield-Bearer (level 4, -6/24 HPs)
             Began as a Vine Stalker Fighter on Jan 7, 2022.
             Killed by divine providence
             ... invoked by an orc priest
              (15 damage)
             ... on level 3 of the Dungeon.
             The game lasted 00:02:04 (1772 turns).

grumblor the Shield-Bearer (Vine Stalker Fighter)   Turns: 1772, Time: 00:02:05

Health: -6/24      AC:  6    Str: 21    XL:     4   Next: 53%
Magic:  0/6        EV:  9    Int:  8    God:
Gold:   117        SH:  4    Dex: 13    Spells: 5/5 levels left

rFire   . . .      SeeInvis .   a - +1 war axe
rCold   . . .      Faith    .   c - +0 buckler
rNeg    . . .      Spirit   +   b - +0 scale mail
rPois   .          Reflect  .   (no helmet)
rElec   .          Harm     .   (no cloak)
rCorr   .          Rampage  .   (no gloves)
Will    .....                   (no boots)
Stlth   ..........              (no amulet)
HPRegen 0.88/turn               (no ring)
MPRegen 0.10/turn               (no ring)

@: no status effects
A: fangs 2, regeneration 1, magic shield, antimagic bite, no potion heal 2
a: no special abilities


You were on level 3 of the Dungeon.
You visited 1 branch of the dungeon, and saw 3 of its levels.

You collected 117 gold pieces.

Inventory:

Hand Weapons
 a - a +1 war axe (weapon)
Armour
 b - a +0 scale mail (worn)
 c - a +0 buckler (worn)
Scrolls
 f - 2 scrolls of enchant weapon
Potions
 d - 3 potions of might
 e - 2 potions of curing


   Skills:
 + Level 3.0 Fighting
 + Level 2.3 Axes
 + Level 2.9 Armour
 * Level 1.0 Dodging
 * Level 3.1 Shields
 * Level 1.3 Spellcasting


You had 5 spell levels left.
You didn't know any spells.
Your spell library contained the following spells:

 Spells                   Type           Power      Damage    Failure   Level
 Freeze                   Ice            0%         1d3       80%         1
 Frozen Ramparts          Ice            0%         1d2       99%         3
 Hailstorm                Conj/Ice       0%         3d3       100%        4


Dungeon Overview and Level Annotations

Branches:
Dungeon (3/15)

Altars:


Innate Abilities, Weirdness & Mutations

You have extremely sharp teeth.
Your natural rate of healing is unusually fast.
When hurt, damage is shared between your health and your magic reserves.
Your bite disrupts and absorbs the magic of your enemies.
Potions cannot restore your health.


Message History

The gnoll is almost dead.
The gnoll hits you but does no damage.
An orc comes into view. It is wielding a +0 hand axe.
The orc shouts!
You slash the gnoll!
You kill the gnoll!
The orc priest looks braver for a moment.
Your Fighting skill increases to level 3!
You hit the orc priest. You bite the orc priest. You drain its power.
The orc priest is heavily wounded.
You hit the endoplasm. The endoplasm freezes you.
You are frozen.
The gnoll hits you but does no damage. You block the orc priest's attack.
An orc comes into view. It is wielding a +0 mace.
The gnoll closely misses you. The endoplasm closely misses you.
The orc shouts!
You hit the orc priest but do no damage.
You bite the orc priest. You drain its power.
The orc priest is heavily wounded.
You barely miss the endoplasm. The orc priest barely misses you.
The endoplasm freezes you.
You are frozen.
You block the gnoll's attack. The orc priest barely misses you.
A gnoll comes into view. It is wielding a +0 whip.
You hit the orc priest but do no damage.
The orc priest is heavily wounded.
You hit the endoplasm but do no damage. The endoplasm closely misses you.
The gnoll hits you from afar with a +0 spear.
The orc priest hits you with a +0 club.
An orc comes into view. It is wielding a +0 whip.
You block the gnoll's attack. The endoplasm freezes you.
You are frozen.
The gnoll hits you with a +0 spear.
There is a stone staircase leading up, spattered with blood here.
The orc shouts!
The orc priest calls down the wrath of Beogh upon you.
Beogh smites you!
Ouch! That really hurt!
You die...

#.## #..##
#...## .
.....####..
..........
#.#.......
#)g.......
#@........
##oJ....>.
.....g.o)......
.#.............
#..#.....o....
... ...#.......
.. #... .......
. #..# ..o....
#.# ..##.##


You could see an orc priest, a gnoll, 3 orcs and an endoplasm.

Vanquished Creatures
  Terence (D:2)
  A gnoll (D:3)
  2 dart slugs
  2 orcs
  3 ball pythons
  6 bats
  3 endoplasms
  4 goblins (D:1)
  5 hobgoblins
  5 jackals (D:1)
  2 quokkas
  A frilled lizard (D:2)
  2 kobolds (D:2)
  6 rats
43 creatures vanquished.

Vanquished Creatures (others)
  5 toadstools (D:1)
5 creatures vanquished.

Grand Total: 48 creatures vanquished

Notes
Turn   | Place    | Note
-------+----------+-------------------------------------------
     0 | D:1      | grumblor the Vine Stalker Fighter began the quest for the
                  | Orb.
     0 | D:1      | Reached XP level 1. HP: 11/11 MP: 2/2
    18 | D:1      | Found a faded altar of an unknown god.
   338 | D:1      | Reached XP level 2. HP: 13/16 MP: 1/3
   796 | D:1      | Reached XP level 3. HP: 19/19 MP: 4/4
  1477 | D:2      | Reached skill level 1 in Spellcasting
  1589 | D:3      | Noticed Terence
  1616 | D:2      | Killed Terence
  1617 | D:2      | Reached skill level 1 in Dodging
  1617 | D:2      | Gained mutation: Your natural rate of healing is unusually
                  | fast. [Vine Stalker growth]
  1617 | D:2      | Reached XP level 4. HP: 16/23 MP: 3/6
  1772 | D:3      | Killed from afar by an orc priest

Illustrated notes

Levels and vault maps discovered:
D:1:      ldierk_walled_garden, layout_loops_ring,
          ebering_ecumenical_altar_abandoned
D:2:      layout_basic, chequers_serial_rivers_small_a
D:3:      layout_rooms, mainiacjoe_overflow_alcove_2,
          gammafunk_temple_overflow_pools, portal_sewer_entry_e, uniq_terence

Skill      XL: |  1  2  3  4 |
---------------+-------------+-----
Shields        | 3 |  3.1
Axes           | 2 |  2.3
Spellcasting   | 1 |  1.3
Dodging        | 1 |  1.0
Fighting       | 3 |  3.0
Armour         | |  2.9

Action                   |  1- 3 |  4- 6 || total
-------------------------+-------+-------++-------
Melee: War axe           |    94 |    13 ||   107
       Bite              |    17 |     5 ||    22
  Use: Scroll            |     1 |     1 ||     2
Armor: Scale mail        |    36 |    11 ||    47
Dodge: Dodged            |    42 |     8 ||    50
Block: Buckler           |    26 |     7 ||    33

Table legend: (Time is in decaauts)
 A = Elapsed time spent in this place.
 B = Non-inter-level travel time spent in this place.
 C = Inter-level travel time spent in this place.
 D = Time resting spent in this place.
 E = Time spent auto-exploring this place.
 F = Levels seen in this place.
 G = Mean time per level.
                   A        B        C        D        E       F      G
               +--------+--------+--------+--------+--------+-----+--------+
         Total |   1825 |   1799 |     26 |    100 |   1400 |   3 |  608.3 |
       Dungeon |   1825 |   1799 |     26 |    100 |   1400 |   3 |  608.3 |
               +--------+--------+--------+--------+--------+-----+--------+

Top non-repeatable levels by time:
     D:1: 1043 daAuts
     D:2: 758 daAuts
     D:3: 23 daAuts
